 Dungeon Crawl Stone Soup version 0.29.1-12-g30fa7ad0bf (webtiles) character file.

Game seed: 5056009980182673139

1554 nightchill the Basher (level 8, -2/47 HPs)
             Began as a Gargoyle Warper on Jan 11, 2023.
             Was a Follower of Hepliaklqana.
             Slain by a wight
             ... wielding a +3 flail
              (12 damage)
             ... on level 7 of the Dungeon.
             The game lasted 00:20:54 (9891 turns).

nightchill the Basher (Gargoyle Warper)             Turns: 9891, Time: 00:20:54

Health: -2/47      AC: 10    Str: 15    XL:     8   Next: 88%
Magic:  0/11       EV: 11    Int: 16    God:    Hepliaklqana [*.....]
Gold:   329        SH:  2    Dex:  9    Spells: 9/11 levels left

rFire   . . .      SeeInvis .   b - +3 dagger (holy)
rCold   . . .      Faith    .   g - +0 buckler
rNeg    + . .      Spirit   +   i - +0 leather armour
rPois   ∞          Reflect  .   C - +0 helmet
rElec   +          Harm     .   J - scarf {shadows}
rCorr   .          Rampage  .   N - +0 pair of gloves
Will    +....                   (no boots)
Stlth   +.........              I - amulet of guardian spirit
HPRegen 0.15/turn               t - ring of willpower
MPRegen 0.12/turn               (no ring)

@: no status effects
A: reduced essence, sickness immunity, AC +5, negative energy resistance 1,
electricity resistance, torment resistance 1, petrification resistance
a: Renounce Religion, Recall Ancestor, Ancestor Identity


You were on level 7 of the Dungeon.
You worshipped Hepliaklqana.
Hepliaklqana was aware of your devotion.
You visited 2 branches of the dungeon, and saw 8 of its levels.
You also visited: Sewer.

You collected 329 gold pieces.

Inventory:

Hand Weapons
 a - a +0 whip of venom
 b - a +3 dagger of holy wrath (weapon)
 w - a +0 sling
Missiles
 d - 5 boomerangs of dispersal (quivered)
 h - a throwing net
 k - 8 boomerangs
 G - 11 poisoned darts
Armour
 g - a +0 buckler (worn)
 i - a +0 leather armour (worn)
 C - a +0 helmet (worn)
 J - a scarf of shadows (worn)
 N - a +0 pair of gloves (worn)
Jewellery
 j - an amulet of faith
 t - a ring of willpower (left hand)
 I - an amulet of guardian spirit (around neck)
Wands
 y - a wand of flame (15)
 B - a wand of digging (4)
 P - a wand of polymorph (12)
Scrolls
 c - 4 scrolls of blinking
 m - 2 scrolls of immolation {unknown}
 p - 2 scrolls of fear {unknown}
 s - a scroll of poison
 u - 6 scrolls of magic mapping
 x - 3 scrolls of vulnerability {unknown}
 E - a scroll of acquirement {unknown}
 F - a scroll of enchant armour {unknown}
 K - a scroll of teleportation {unknown}
 L - 2 scrolls of fog {unknown}
 M - a scroll of summoning {unknown}
 O - a scroll of noise {unknown}
Potions
 e - 5 potions of might
 f - a potion of cancellation {unknown}
 l - a potion of degeneration {unknown}
 n - a potion of curing
 o - a potion of haste
 q - 3 potions of flight
 r - a potion of magic {unknown}
 v - 4 potions of heal wounds {unknown}
 z - a potion of resistance
 A - a potion of lignification
 D - a potion of brilliance {unknown}
 H - 2 potions of attraction {unknown}


   Skills:
 + Level 7.1 Fighting
 * Level 9.1 Maces & Flails
 - Level 0.8 Throwing
 - Level 1.1 Armour
 - Level 1.5 Dodging
 - Level 2.0 Spellcasting
 - Level 2.6 Translocations


You had 9 spell levels left.
You knew the following spells:

 Your Spells              Type           Power      Damage    Failure   Level
a - Blink                 Tloc           20%        N/A       17%         2

Your spell library contained the following spells:

 Spells                   Type           Power      Damage    Failure   Level
 Slow                     Hex            4%         N/A       34%         1
 Summon Small Mammal      Summ           4%         N/A       34%         1
 Gell's Gravitas          Tloc           10%        N/A       34%         3
 Lesser Beckoning         Tloc           10%        N/A       34%         3
 Teleport Other           Tloc           10%        N/A       34%         3
 Static Discharge         Conj/Air       1%         3-4/arc   45%         2
 Call Canine Familiar     Summ           1%         N/A       71%         3
 Confusing Touch          Hex            1%         N/A       71%         3
 Ozocubu's Armour         Ice            1%         N/A       71%         3
 Stone Arrow              Conj/Erth      2%         3d7       71%         3
 Summon Guardian Golem    Hex/Summ       1%         N/A       71%         3
 Vampiric Draining        Necr           1%         2d6       71%         3
 Manifold Assault         Tloc           10%        N/A       97%         5
 Animate Armour           Summ/Erth      2%         N/A       98%         4
 Metabolic Englaciation   Hex/Ice        0%         N/A       100%        5
 Iron Shot                Conj/Erth      0%         9d1       100%        6
 Simulacrum               Ice/Necr       0%         N/A       100%        6
 Lehudib's Crystal Spear  Conj/Erth      0%         10d2      100%        8


Dungeon Overview and Level Annotations

Branches:
Dungeon (7/15)             Temple (1/1) D:6           Sewer (visited)

Altars:
Ashenzari
Cheibriados
Dithmenos
Elyvilon
Fedhas
Gozag
Hepliaklqana
Makhleb
Nemelex Xobeh
Okawaru
Qazlal
Ru
Trog
Yredelemnul
The Shining One

Annotations:
D:1 exclusion: downstairs
D:5 exclusion: downstairs
D:6 exclusion: downstairs


Innate Abilities, Weirdness & Mutations

Your life essence is reduced to manifest your ancestor. (-10% HP)
You are immune to sickness and miasma.
Your stone body is resilient. (AC +5)
You are immune to poison.
You resist negative energy. (rN+)
You are resistant to electric shocks. (rElec)
You are resistant to unholy torment.
You are immune to petrification.


Message History

The wight hits Leofric with a +2 war axe!
The wight hits you with a +2 halberd of freezing.
The wight freezes you.
You completely miss the wight.
The wight is moderately damaged.
You block the wight's attack.
The wight hits Leofric with a +2 war axe!
Leofric is destroyed!
You hit the wight.
The wight convulses.
The wight is moderately damaged.
The wight hits you with a +2 halberd of freezing!
The wight freezes you.
You hit the wight.
The wight convulses.
The wight is heavily damaged.
The wight hits you with a +2 halberd of freezing!
* * * LOW HITPOINT WARNING * * *
The wight freezes you.
* * * LOW HITPOINT WARNING * * *
The wight barely misses you.
Okay, then.
Casting: Blink (safe; 17% risk of failure)
Confirm with . or Enter, or press ? or * to list all spells.
You blink.
A wight comes into view. It is wielding a +0 scimitar.
The wight attacks as you move away! The wight barely misses you.
The wight attacks as you move away! The wight barely misses you.
You feel stable enough to blink again. The wight attacks as you move away!
The wight hits you with a +3 flail.
* * * LOW HITPOINT WARNING * * *
You hit the wight.
The wight convulses.
The wight is heavily damaged.
The wight closely misses you. x2
You hit the wight but do no damage.
The wight is heavily damaged.
The wight hits you from afar with a +2 halberd of freezing!
* * * LOW HITPOINT WARNING * * *
The wight freezes you.
* * * LOW HITPOINT WARNING * * *
The wight hits you with a +3 flail!
You die...

#........ ..# #.#.......#
#..##.#.......#.
#..#.#.......#.### . .##..#.#
#....# ...# .. .......# #....#
#.###########'#
#....###....####z............#
#..........@zzzz............
#..#####.#############......
#^.#####.# #####.####.
#.....##.##### ......z.###'
### ##.##........#
............ ..# #.####......#
............ #.# #.#.........#
............
#.#####.#.####....#
######.#.... ........#.#
###.### #.#....


You could see 5 wights.

Vanquished Creatures
  A sky beast (D:6)
  An ice beast (D:5)
  An ogre (D:6)
  A centaur (D:6)
  A phantom (D:5)
  Blork the orc (D:4)
  2 bullfrogs
  3 scorpions
  3 howler monkeys
  A hound (D:5)
  4 orc priests
  A gnoll bouda (D:6)
  2 iguanas
  An orc wizard (D:6)
  Robin (D:1)
  3 gnolls
  13 adders
  7 river rats
  A white imp (D:5)
  2 ufetubi
  A worm (D:2)
  3 dart slugs
  10 orcs
  4 endoplasms
  4 giant cockroaches
  15 goblins
  5 hobgoblins
  11 jackals
  2 quokkas
  9 ball pythons
  5 bats
  4 frilled lizards
  11 kobolds
  11 rats
145 creatures vanquished.

Vanquished Creatures (collateral kills)
  2 gnolls (D:7)
  An orc (D:6)
3 creatures vanquished.

Vanquished Creatures (others)
  2 ancestors (D:7)
  An orc (D:6)
  A fungus (D:1)
  22 plants (Sewer)
26 creatures vanquished.

Grand Total: 174 creatures vanquished

Notes
Turn   | Place    | Note
-------+----------+-------------------------------------------
     0 | D:1      | nightchill the Gargoyle Warper began the quest for the Orb.
     0 | D:1      | Reached XP level 1. HP: 12/12 MP: 3/3
   299 | D:1      | Reached XP level 2. HP: 16/18 MP: 5/5
   984 | D:1      | Reached skill level 3 in Maces & Flails
  1143 | D:1      | Reached XP level 3. HP: 22/22 MP: 6/6
  1190 | D:1      | Found a faded altar of an unknown god.
  1619 | D:1      | Reached XP level 4. HP: 20/28 MP: 7/7
  1760 | D:2      | HP: 1/28 [gnoll/+0 flail (4)]
  2067 | D:2      | Learned a level 2 spell: Blink
  2091 | D:2      | Reached skill level 4 in Maces & Flails
  2310 | D:2      | Identified the +1 helmet of the Bulwark {Will- Str+4 SInv}
  2310 | D:2      | Noticed Robin
  2668 | D:1      | Killed Robin
  2955 | D:2      | Reached XP level 5. HP: 32/32 MP: 8/8
  3662 | D:3      | Found a sparkling altar of Nemelex Xobeh.
  3662 | D:3      | Found a stormy altar of Qazlal.
  4736 | D:4      | Reached skill level 5 in Maces & Flails
  4736 | D:4      | Reached XP level 6. HP: 28/38 MP: 9/9
  5065 | D:4      | Got the Secrets of Damage Dealing and Shifting
  5190 | D:4      | Noticed Blork the orc
  5197 | D:4      | Killed Blork the orc
  5294 | D:5      | Entered Level 5 of the Dungeon
  5397 | D:5      | Found a glowing drain.
  5477 | Sewer    | Entered a sewer
  5785 | Sewer    | Reached skill level 6 in Maces & Flails
  5814 | Sewer    | Reached XP level 7. HP: 38/44 MP: 10/10
  6029 | Sewer    | Reached skill level 5 in Fighting
  7191 | D:6      | Found a hazy altar of Hepliaklqana.
  7206 | D:6      | Became a worshipper of Hepliaklqana the Forgotten
  7432 | D:5      | Reached skill level 7 in Maces & Flails
  7730 | D:5      | Reached XP level 8. HP: 27/51 MP: 5/11
  8275 | D:6      | Reached skill level 8 in Maces & Flails
  8817 | D:6      | Found a staircase to the Ecumenical Temple.
  8829 | Temple   | Entered the Ecumenical Temple
  9269 | D:7      | Reached skill level 9 in Maces & Flails
  9321 | D:7      | Reached * piety under Hepliaklqana
  9891 | D:7      | Slain by a wight

Illustrated notes

Levels and vault maps discovered:
D:1:      amcnicky_arrival_flooded_fountain, layout_basic,
          shapermc_ecumenical_altar_ellora
D:2:      layout_rooms, uniq_robin
D:3:      layout_basic, mainiacjoe_overflow_divided_tiny,
          chequers_serial_rivers_small_b
D:4:      layout_basic, roderic_filled_cross, uniq_blork_the_orc
D:5:      nicolae_cairo_tiling_large, layout_rooms, portal_sewer_entry_c,
          minmay_misc_feat_doors, minmay_misc_feat_secret_circle
D:6:      layout_basic, lemuel_round_altar, minmay_temple_entry_offerings
D:7:      lemuel_bear_cage, layout_basic, minivault_26
Temple:   hellmonk_temple_flake

Skill      XL: |  1  2  3  4  5  6  7  8 |
---------------+-------------------------+-----
Maces & Flails | 3 4 5 6 7 9 |  9.1
Fighting       | 3 4 5 7 |  7.1
Throwing       | |  0.8
Armour         | |  1.1
Dodging        | |  1.5
Spellcasting   | |  2.0
Translocations | |  2.6

Action                   |  1- 3 |  4- 6 |  7- 9 || total
-------------------------+-------+-------+-------++-------
Melee: Mace              |    68 |       |       ||    68
       Whip              |    33 |   279 |   255 ||   567
       Dagger            |       |       |    23 ||    23
Throw: Boomerang         |       |     1 |     1 ||     2
 Cast: Blink             |       |     1 |     1 ||     2
Invok: Recall Ancestor   |       |       |     4 ||     4
       Ancestor Identity |       |       |     1 ||     1
  Use: Scroll            |       |     8 |     2 ||    10
       Potion            |       |     1 |     1 ||     2
Armor: Leather armour    |    51 |    90 |   122 ||   263
Dodge: Dodged            |    62 |   158 |   144 ||   364
Block: Buckler           |     1 |    17 |    31 ||    49
